 Dungeon Crawl Stone Soup version 0.28.0-53-g5a82cb258f (webtiles) character file.

Game seed: 16059181217557939447

58 leafyfresh the Gusty (level 4, 0/24 HPs)
             Began as a Tengu Air Elementalist on Nov 12, 2022.
             Was an Initiate of Sif Muna.
             Slain by a gnoll
             ... wielding a +0 halberd
              (5 damage)
             ... on level 2 of the Dungeon.
             The game lasted 00:03:23 (2891 turns).

leafyfresh the Gusty (Tengu Air Elementalist)       Turns: 2891, Time: 00:03:23

Health: 0/24       AC:  2    Str:  9    XL:     4   Next: 1%
Magic:  4/8        EV: 13    Int: 17    God:    Sif Muna [......]
Gold:   40         SH:  0    Dex: 14    Spells: 5/8 levels left

rFire   . . .      SeeInvis .   c - +0 club
rCold   . . .      Faith    +   (no shield)
rNeg    . . .      Spirit   .   a - +0 robe
rPois   .          Reflect  .   (helmet restricted)
rElec   .          Harm     .   (no cloak)
rCorr   .          Rampage  .   (no gloves)
Will    .....                   (boots unavailable)
Stlth   ++........              f - amulet of faith
HPRegen 0.08/turn               (no ring)
MPRegen 0.11/turn               (no ring)

@: no status effects
A: beak, talons 3
a: Renounce Religion


You were on level 2 of the Dungeon.
You worshipped Sif Muna.
Sif Muna was noncommittal.
You visited 1 branch of the dungeon, and saw 2 of its levels.

You collected 40 gold pieces.

Inventory:

Hand Weapons
 c - a +0 club (weapon)
Armour
 a - a +0 robe (worn)
Magical Staves
 k - a staff of earth
Jewellery
 f - an amulet of faith (around neck)
 g - an amulet of regeneration
 i - an amulet of the acrobat
Scrolls
 d - a scroll of teleportation {unknown}
 h - 2 scrolls of identify {unknown}
 l - a scroll of magic mapping {unknown}
Potions
 b - a potion of curing {unknown}
 e - 2 potions of might {unknown}
 j - a potion of ambrosia {unknown}


   Skills:
 + Level 3.0 Dodging
 - Level 2.0 Stealth
 - Level 2.5 Spellcasting
 - Level 2.5 Conjurations
 + Level 4.7 Air Magic


You had 5 spell levels left.
You knew the following spells:

 Your Spells              Type           Power      Damage    Failure   Level
a - Shock                 Conj/Air       56%        1d6       4%          1
b - Static Discharge      Conj/Air       14%        N/A       6%          2

Your spell library contained the following spells:

 Spells                   Type           Power      Damage    Failure   Level
 Swiftness                Air            18%        N/A       8%          3
 Airstrike                Air            9%         N/A       26%         4


Dungeon Overview and Level Annotations

Branches:
Dungeon (2/15)

Altars:
Sif Muna

Shops:
D:2 [


Innate Abilities, Weirdness & Mutations

You have a beak for a mouth.
You have claws for feet.


Message History

Okay, then.
There is an open door here.
You open the door.
There is an open door here.
You open the door. 3 gnolls come into view.
The gnoll shouts! x2; You hear a shout!
A gnoll comes into view. It is wielding a +0 spear.
The gnoll barely misses you.
The gnoll moves out of view.
A goblin comes into view. It is wielding a +0 dagger.
The gnoll hits you but does no damage.
There is an open door here.
There are monsters nearby!
You hit the gnoll. You claw the gnoll.
The gnoll is heavily wounded.
The gnoll closely misses you. x2
There are monsters nearby!
You barely miss the gnoll. Your peck misses the gnoll.
The gnoll is heavily wounded.
The gnoll closely misses you. The gnoll misses you.
The gnoll barely misses you.
Casting: Static Discharge (safe; 6% risk of failure)
Confirm with . or Enter, or press ? or * to list all spells.
The gnoll is struck by an arc of lightning.
The gnoll is heavily wounded.
The lightning grounds out.
The gnoll barely misses you. The gnoll hits you with a +0 halberd.
The gnoll hits you but does no damage.
Unknown command.
Casting: Static Discharge (safe; 6% risk of failure)
Confirm with . or Enter, or press ? or * to list all spells.
The gnoll is struck by an arc of lightning.
The gnoll is almost dead.
The lightning grounds out.
The gnoll misses you. The gnoll hits you with a +0 halberd!
The gnoll hits you with a +0 flail!
* * * LOW HITPOINT WARNING * * *
The gnoll hits you from afar with a +0 spear.
* * * LOW HITPOINT WARNING * * *
Unknown command.
The gnoll hits you from afar with a +0 halberd.
You die...

...# #>..###...##.##†...##.###.
.#.#####.###...#..#..#.....#..##.
.#..#..###...####.##.##....##.##.
.##.#......###..#..#..'..###...#.
.##...)##.##....##.##.####...#'#.
.....#.##..#...gg#..#..#...###.#.
.###...###.##.ggg##.##...###...##
.###.>## #..# #'#...#.###...#..#
.##...# ##.####@..#####...####.#
.##.#.## #..#...###.#...#'#..#..
....#..# ##...###...##.##....##.
....##.## #.###...#..#..#)....#.
........####'#...####.##.##....##
...........#...###..'..#..#..###.
..<..##.#####.##....##.##.####...
##.#.##..## #..#.....#..#..#...##
#..#.###..# ##.##...†##.##...###


You could see 3 gnolls and a goblin.

Vanquished Creatures
  An adder (D:2)
  3 dart slugs
  2 bats
  4 endoplasms
  2 giant cockroaches (D:1)
  4 goblins
  5 hobgoblins
  3 kobolds
  3 quokkas
  5 ball pythons
  A frilled lizard (D:1)
  4 rats
37 creatures vanquished.

Notes
Turn   | Place    | Note
-------+----------+-------------------------------------------
     0 | D:1      | leafyfresh the Tengu Air Elementalist began the quest for
                  | the Orb.
     0 | D:1      | Reached XP level 1. HP: 10/10 MP: 4/4
   247 | D:1      | Reached XP level 2. HP: 12/15 MP: 3/6
   250 | D:1      | Learned a level 2 spell: Static Discharge
  1174 | D:1      | Found a faded altar of an unknown god.
  1351 | D:1      | Reached XP level 3. HP: 8/19 MP: 4/7
  1943 | D:2      | Found Xadubbeu's Antique Armour Shoppe.
  2202 | D:2      | Found a shimmering blue altar of Sif Muna.
  2211 | D:2      | Became a worshipper of Sif Muna the Loreminder
  2867 | D:2      | Reached XP level 4. HP: 24/24 MP: 8/8
  2891 | D:2      | Slain by a gnoll

Illustrated notes

Levels and vault maps discovered:
D:1:      dpeg_arrival_rhombus, layout_loops_ring,
          shapermc_ecumenical_altar_notcrosses
D:2:      minmay_skewed_foursquare, layout_rooms, serial_shops, shop_fountains,
          basic_altar, grunt_decor_clamped, minmay_pentomino_r4

Skill      XL: |  1  2  3 |
---------------+----------+-----
Conjurations   | 2 |  2.5
Dodging        | 3 |  3.0
Stealth        | |  2.0
Spellcasting   | |  2.5
Air Magic      | |  4.7

Action                   |  1- 3 |  4- 6 || total
-------------------------+-------+-------++-------
Melee: Unarmed           |     5 |       ||     5
       Kick              |    18 |     1 ||    19
       Club              |    44 |     2 ||    46
       Peck              |    10 |       ||    10
       Punch             |     1 |       ||     1
 Cast: Shock             |     7 |       ||     7
       Static Discharge  |    18 |     2 ||    20
 Stab: Sleeping          |     3 |       ||     3
Armor: Robe              |     9 |     2 ||    11
Dodge: Dodged            |    56 |     8 ||    64
